 Dungeon Crawl Stone Soup version 0.29-a0-561-ga02bf68b3c (webtiles) character file.

Game seed: 8096612622462721287

5033 Querens the Blocker (level 10, -5/81 (82) HPs)
             Began as a Formicid Fighter on June 11, 2022.
             Was a High Priest of Okawaru.
             Slain by an angel
             ... wielding a +1 sacred scourge of holy wrath
              (6 damage)
             ... on level 2 of the Abyss.
             The game lasted 00:22:13 (5881 turns).

Querens the Blocker (Formicid Fighter)              Turns: 5881, Time: 00:22:14

HP:   -5/81 (82)    AC: 19    Str: 26    XL:     10   Next: 85%
MP:   15/15         EV:  7    Int:  7    God:    Okawaru [*****.]
Gold: 265           SH: 10    Dex: 10    Spells: 9/9 levels left

rFire   + . .      SeeInvis +   L - +3 battleaxe (freeze)
rCold   . . .      Faith    .   q - +0 kite shield
rNeg    + . .      Spirit   .   n - +7 chain mail of the Dice {rElec rPois rF+}
rPois   +          Reflect  .   (helmet unavailable)
rElec   +          Harm     .   (no cloak)
rCorr   .          Rampage  .   y - +0 pair of gloves
Will    +....                   (no boots)
Stlth   ..........              B - amulet of regeneration
HPRegen 1.03/turn               t - ring of positive energy
MPRegen 0.14/turn               (no ring)

@: glowing, lightly drained
A: permanent stasis, dig shafts and tunnels, antennae 3, four strong arms
a: Dig, Shaft Self, Renounce Religion, Heroism, Finesse, Duel


You were on level 2 of the Abyss.
You worshipped Okawaru.
Okawaru was extremely pleased with you.
You visited 2 branches of the dungeon, and saw 10 of its levels.
You visited the Abyss 1 time.

You collected 496 gold pieces.
You spent 231 gold pieces at shops.

Inventory:

Hand Weapons
 L - a +3 battleaxe of freezing (weapon)
Missiles
 I - a curare-tipped dart
Armour
 n - the +7 chain mail of the Dice (worn) {rElec rPois rF+}
   (You found it on level 2 of the Dungeon)

   rF:        It protects you from fire.
   rElec:     It insulates you from electricity.
   rPois:     It protects you from poison.
 q - a +0 kite shield (worn)
 y - a +0 pair of gloves (worn)
Jewellery
 t - a ring of positive energy (left hand)
 u - a ring of fire
 w - a ring of magical power
 A - a +6 ring of intelligence
 B - an amulet of regeneration (around neck)
 C - a ring of fire
Wands
 F - a wand of polymorph (6)
 J - a wand of mindburst (1)
 K - a wand of flame (6)
Scrolls
 a - a scroll of identify
 c - 4 scrolls of fear
 e - 5 scrolls of teleportation
 f - 2 scrolls of enchant armour
 h - a scroll of acquirement {unknown}
 i - a scroll of enchant weapon {unknown}
 j - a scroll of torment {unknown}
 m - a scroll of silence {unknown}
 o - a scroll of noise {unknown}
 r - 2 scrolls of blinking {unknown}
 s - a scroll of amnesia {unknown}
 E - 3 scrolls of fog
 H - a scroll of brand weapon {unknown}
Potions
 b - 5 potions of curing
 d - 5 potions of might
 g - 2 potions of brilliance
 l - 2 potions of mutation {unknown}
 p - 2 potions of haste {unknown}
 v - a potion of degeneration {unknown}
 x - 3 potions of attraction
 z - 2 potions of ambrosia
 D - a potion of invisibility {unknown}
 G - a potion of resistance {unknown}


   Skills:
 + Level 8.5 Fighting
 + Level 7.4 Axes
 + Level 8.4 Armour
 + Level 10.1 Shields
 + Level 6.6 Invocations


You had 9 spell levels left.
You didn't know any spells.
Your spell library contained the following spells:

 Spells                   Type           Power      Damage    Failure   Level
 Sting                    Tmut/Pois      0%         1d3       99%         1
 Sublimation of Blood     Necr           0%         N/A       100%        2
 Wereblood                Tmut           0%         N/A       100%        2
 Fulminant Prism          Conj/Hex       0%         3d6       100%        4
 Passage of Golubria      Tloc           0%         N/A       100%        4
 Yara's Violent Unravell  Hex/Tmut       0%         3d3       100%        5
 Orb of Destruction       Conj           0%         9d5       100%        7
 Tukima's Dance           Hex            Unusable   N/A       N/A         3
 Summon Hydra             Summ           Unusable   N/A       N/A         7

Dungeon Overview and Level Annotations

Branches:
Dungeon (9/15)             Temple (1/1) D:4
   Lair: D:8-11         Orc: D:9-12

Altars:
Ashenzari
Cheibriados
Elyvilon
Fedhas
Gozag
Hepliaklqana
Kikubaaqudgha
Nemelex Xobeh
Okawaru
Qazlal
Ru
Sif Muna
Trog
Uskayaw
Vehumet
Wu Jian
Xom
Yredelemnul
Zin
The Shining One

Shops:
D:1 :   D:4 !   D:7 *   D:9 (

Annotations:
D:9 Erolcha


Innate Abilities, Weirdness & Mutations

You cannot be hasted, slowed, berserked, paralysed or teleported.
You can dig through walls and to a lower floor.
You have a pair of large antennae on your head. (SInv)
Your four strong arms can wield two-handed weapons with a shield.


Message History

The neqoxec gestures at you.
Strange energies course through your body.
You lose the ability to read scrolls when threatened.
The neqoxec gestures at you.
Strange energies course through your body.
You can once more read scrolls while threatened.
The neqoxec attacks as you move away! The neqoxec barely misses you.
Tentacles burst from the starspawn's body! 2 starspawn tentacles come into view.
The angel attacks as you move away!
The angel hits you with a +1 sacred scourge of holy wrath!!
The angel hits you but does no damage. You block the angel's attack.
The angel hits you but does no damage.
A large abomination comes into view.
The large abomination hits you!! The angel closely misses you.
The angel hits you but does no damage. The angel attacks as you move away!
The angel hits you but does no damage. The angel completely misses you.
The angel barely misses you. x2
The angel attacks as you move away!
The angel hits you with a +1 sacred scourge of holy wrath.
You block the angel's attack.
The angel hits you with a +1 sacred scourge of holy wrath!!
* * * LOW HITPOINT WARNING * * *
The angel hits you but does no damage.
You feel much better.
The angel hits you with a +1 sacred scourge of holy wrath.
The angel hits you with a +1 sacred scourge of holy wrath!
* * * LOW HITPOINT WARNING * * *
The angel hits you with a +1 sacred scourge of holy wrath.
* * * LOW HITPOINT WARNING * * *
The angel hits you with a +1 sacred scourge of holy wrath.
* * * LOW HITPOINT WARNING * * *
A wretched star comes into view.
The wretched star glows turbulently.
You block the lance of force. The small abomination hits you!
* * * LOW HITPOINT WARNING * * *
You block the angel's attack.
The angel hits you with a +1 sacred scourge of holy wrath.
You die...

#.# #..#..........
..#..#.#......X.w
####..#...#..##..##
#......#X.#..##. ##
#..##.............
#..3....#.........
###X.#.#..#..##..##
#.x#...#.##..##..#
#.@A#..#. ... . .
#.*..#.#..........
w.
#..##.####..##..#.
... ## .. #.....# #
..# ... ..#.#. #.#.
# ##.. ## ## #.# ..
.. . {


You could see an angel, a wretched star, a large abomination, a neqoxec and a
small abomination.

Vanquished Creatures
  A two-headed ogre (D:7)
  Joseph (D:8)
  Maggie (D:6)
  A troll (D:9)
  4 yaks (D:9)
  A wyvern (D:9)
  A steam dragon (D:7)
  A neqoxec (Abyss:2)
  2 water moccasins (D:7)
  A sky beast (D:7)
  A black bear (D:4)
  2 ogres
  4 ice beasts
  A centaur (D:8)
  2 necrophages
  A kobold brigand (D:8)
  3 bullfrogs
  3 scorpions
  4 wights (D:9)
  5 killer bees (D:8)
  A howler monkey (D:8)
  A quasit (Abyss:2)
  A gnoll shaman (D:6)
  2 orc priests
  3 hounds
  4 iguanas
  4 orc wizards
  Natasha (thrice) (D:2)
  A small abomination (Abyss:1)
  Robin (D:2)
  11 gnolls
  8 adders
  A shadow imp (D:7)
  A white imp (D:4)
  A worm (D:4)
  11 orcs
  8 ball pythons
  2 endoplasms (D:2)
  5 giant cockroaches
  13 goblins
  15 hobgoblins
  8 jackals
  2 quokkas
  3 bats
  2 frilled lizards (D:1)
  8 kobolds
  6 rats
166 creatures vanquished.

Vanquished Creatures (others)
  6 starspawn tentacles (Abyss:2)
6 creatures vanquished.

Grand Total: 172 creatures vanquished

Notes
Turn   | Place    | Note
-------+----------+-------------------------------------------
     0 | D:1      | Querens the Formicid Fighter began the quest for the Orb.
     0 | D:1      | Reached XP level 1. HP: 18/18 MP: 1/1
     3 | D:1      | Noticed an electric eel
     3 | D:1      | Noticed an electric eel
    23 | D:1      | Found Qyfeix's Book Emporium.
   130 | D:1      | Reached XP level 2. HP: 24/24 MP: 2/2
   360 | D:1      | Got Sif Muna's Tome of Venomous Conjuration
   555 | D:2      | Reached XP level 3. HP: 21/24 MP: 3/3
   598 | D:2      | Noticed Robin
   665 | D:2      | Reached XP level 4. HP: 20/36 MP: 4/4
   677 | D:2      | Killed Robin
   746 | D:2      | Noticed Natasha
   776 | D:2      | Killed Natasha
   791 | D:2      | Noticed Natasha
   801 | D:2      | Killed Natasha
   802 | D:2      | Reached skill level 5 in Shields
   802 | D:2      | Reached XP level 5. HP: 10/42 MP: 5/5
   861 | D:2      | Found a faded altar of an unknown god.
   939 | D:2      | Noticed Natasha
   961 | D:2      | Killed Natasha
  1138 | D:2      | Identified the +7 chain mail of the Dice {rElec rPois rF+}
  1768 | D:3      | Reached XP level 6. HP: 40/46 MP: 6/6
  1863 | D:4      | Found Moloid Seog's Distillery.
  2109 | D:4      | Noticed a black bear
  2118 | D:4      | Killed a black bear
  2193 | D:4      | Found a staircase to the Ecumenical Temple.
  2215 | D:4      | Reached XP level 7. HP: 11/55 MP: 7/7
  2218 | Temple   | Entered the Ecumenical Temple
  2718 | Temple   | Became a worshipper of Warmaster Okawaru
  2825 | D:4      | Reached skill level 5 in Fighting
  2825 | D:4      | Reached skill level 6 in Shields
  2975 | D:5      | Entered Level 5 of the Dungeon
  2984 | D:5      | Reached skill level 5 in Armour
  3332 | D:4      | Bought a potion of attraction for 33 gold pieces
  3332 | D:4      | Bought a potion of heal wounds for 55 gold pieces
  3332 | D:4      | Bought a potion of ambrosia for 88 gold pieces
  3332 | D:4      | Bought a potion of heal wounds for 55 gold pieces
  3499 | D:5      | Reached * piety under Okawaru
  3500 | D:5      | Reached XP level 8. HP: 59/64 MP: 8/8
  3638 | D:6      | Reached skill level 7 in Shields
  3638 | D:6      | Reached skill level 1 in Invocations
  3664 | D:6      | Reached skill level 5 in Axes
  3811 | D:6      | Noticed Maggie
  3895 | D:6      | Killed Maggie
  3895 | D:6      | Reached ** piety under Okawaru
  3896 | D:6      | Reached XP level 9. HP: 44/71 MP: 9/11
  4084 | D:7      | Found Ifuleop's Serpentskin Sales.
  4095 | D:7      | Reached skill level 8 in Shields
  4372 | D:7      | Noticed a two-headed ogre
  4392 | D:7      | Killed a two-headed ogre
  4392 | D:7      | Reached *** piety under Okawaru
  4393 | D:7      | Reached skill level 5 in Invocations
  4399 | D:7      | Reached XP level 10. HP: 77/79 MP: 13/13
  4404 | D:7      | Reached skill level 9 in Shields
  4618 | D:7      | Reached **** piety under Okawaru
  4773 | D:8      | Noticed Joseph
  4808 | D:8      | Killed Joseph
  5247 | D:8      | Found an ornate altar of the Wu Jian Council.
  5479 | D:9      | Found Ogevud's Antique Weapon Shoppe.
  5654 | D:9      | Reached ***** piety under Okawaru
  5658 | D:9      | Reached skill level 10 in Shields
  5660 | D:9      | Noticed Erolcha
  5662 | D:9      | Cast into level 1 of the Abyss (Erolcha)
  5694 | Abyss:1  | Noticed a bone dragon
  5710 | Abyss:1  | Noticed an apocalypse crab
  5712 | Abyss:1  | Noticed a starcursed mass
  5713 | Abyss:1  | Noticed a starcursed mass
  5719 | Abyss:1  | Noticed a will-o-the-wisp
  5720 | Abyss:1  | Noticed a thrashing horror
  5838 | Abyss:2  | Noticed a tentacled starspawn
  5862 | Abyss:2  | Noticed an angel
  5866 | Abyss:2  | Gained mutation: You sometimes lose the ability to read
                  | scrolls when taking damage. [a neqoxec]
  5869 | Abyss:2  | Lost mutation: You sometimes lose the ability to read
                  | scrolls when taking damage. [a neqoxec]
  5880 | Abyss:2  | Noticed a wretched star
  5881 | Abyss:2  | HP: 1/81 [small abomination (12)]
  5881 | Abyss:2  | Slain by an angel

Illustrated notes

Levels and vault maps discovered:
D:1:      arrival_aquarium_b, layout_basic, serial_shops, shop
D:2:      layout_loops_ring, chequers_ecumenical_altar_simple,
          minmay_misc_feat_enclosed, minmay_small_reverse_x, uniq_natasha,
          uniq_robin
D:3:      wad_pebble_path, layout_loops_ring
D:4:      layout_loops_ring, minmay_temple_entry_tees, nicolae_take_the_stairs
D:5:      layout_cave_pools
D:6:      layout_rooms, kennysheep_cross_bottleneck, uniq_maggie
D:7:      layout_basic, guppyfry_shop_venom
D:8:      layout_gridville, pdpol_wu_jian_five_deadly_venoms, uniq_joseph
D:9:      cheibrodos_barr_body, layout_cave_pools, kennysheep_mini,
          serial_shops, nicolae_stop_n_shop_1, uniq_erolcha, uniq_psyche,
          uniq_erica
Temple:   mainiacjoe_temple_big_plus
Abyss:2:  base: D:8, hangedman_decor_peaks_small, hangedman_decor_peaks_small

Skill      XL: |  1  2  3  4  5  6  7  8  9 10 |
---------------+-------------------------------+-----
Fighting       | 4 5 6 7 8 |  8.5
Axes           | 3 4 5 6 7 |  7.4
Armour         | 4 5 6 7 8 |  8.4
Shields        | 5 6 7 8 10 | 10.1
Invocations    | 3 5 6 |  6.6

Action                   |  1- 3 |  4- 6 |  7- 9 | 10-12 || total
-------------------------+-------+-------+-------+-------++-------
Melee: War axe           |    68 |   199 |   265 |   110 ||   642
       Battleaxe         |       |       |       |    24 ||    24
Invok: Heroism           |       |       |     3 |     2 ||     5
 Abil: Dig               |     2 |     1 |       |     1 ||     4
Evoke: Wand              |       |       |       |     8 ||     8
  Use: Potion            |       |     3 |     1 |     4 ||     8
       Scroll            |       |       |     5 |     1 ||     6
Armor: Scale mail        |    37 |    46 |       |       ||    83
       Chain mail        |       |    97 |   154 |   160 ||   411
Dodge: Dodged            |    39 |    80 |    96 |    85 ||   300
Block: Buckler           |    19 |    33 |       |       ||    52
       Kite shield       |       |    40 |   143 |   149 ||   332

Table legend: (Time is in decaauts)
 A = Elapsed time spent in this place.
 B = Non-inter-level travel time spent in this place.
 C = Inter-level travel time spent in this place.
 D = Time resting spent in this place.
 E = Time spent auto-exploring this place.
 F = Levels seen in this place.
 G = Mean time per level.
                   A        B        C        D        E       F      G
               +--------+--------+--------+--------+--------+-----+--------+
         Total |   6104 |   5767 |    337 |    180 |    356 |  12 |  508.7 |
       Dungeon |   5343 |   5043 |    300 |    160 |      0 |   9 |  593.7 |
        Temple |    538 |    501 |     37 |      0 |    356 |   1 |  538.0 |
         Abyss |    221 |    221 |      0 |     20 |      0 |   2 |  110.5 |
               +--------+--------+--------+--------+--------+-----+--------+

Top non-repeatable levels by time:
     D:4: 849 daAuts
     D:8: 823 daAuts
     D:2: 775 daAuts
     D:7: 623 daAuts
     D:3: 579 daAuts
     D:1: 557 daAuts
  Temple: 538 daAuts
     D:5: 473 daAuts
     D:6: 472 daAuts
     D:9: 188 daAuts
 Abyss:2: 154 daAuts
 Abyss:1: 67 daAuts
